 Dungeon Crawl Stone Soup version 0.28.0-43-g3370ac3207 (webtiles) character file.

Game seed: 9645514564414608058

534 demenzo the Ruffian (level 7, -2/63 (68) HPs)
             Began as a Troll Brigand on Mar 29, 2022.
             Was an Initiate of Okawaru.
             Slain by a wight
             ... wielding a +0 great sword
              (18 damage)
             ... on level 5 of the Dungeon.
             The game lasted 00:03:18 (2942 turns).

demenzo the Ruffian (Troll Brigand)                 Turns: 2942, Time: 00:03:19

HP:   -2/63 (68)    AC:  5    Str: 22    XL:     7   Next: 4%
MP:   5/7           EV:  9    Int:  7    God:    Okawaru [......]
Gold: 316           SH:  0    Dex: 11    Spells: 6/6 levels left

rFire   . . .      SeeInvis .     - Unarmed
rCold   . . .      Faith    .   (no shield)
rNeg    . . .      Spirit   .   b - +0 robe
rPois   .          Reflect  .   (helmet restricted)
rElec   .          Harm     .   c - +0 cloak
rCorr   .          Rampage  .   (gloves unavailable)
Will    +....                   (boots unavailable)
Stlth   ++........              o - amulet of regeneration
HPRegen 1.80/turn               j - ring of willpower
MPRegen 0.10/turn               (no ring)

@: drained
A: large, unfitting armour, claws 3, regeneration 1, shaggy fur 1, tough skin 1
a: Renounce Religion


You were on level 5 of the Dungeon.
You worshipped Okawaru.
Okawaru was noncommittal.
You visited 1 branch of the dungeon, and saw 5 of its levels.

You collected 316 gold pieces.

Inventory:

Missiles
 d - 8 poisoned darts (quivered)
 e - 2 curare-tipped darts
 h - 6 boomerangs
 i - 6 javelins
 m - 214 stones
Armour
 b - a +0 robe (worn)
 c - a +0 cloak (worn)
Jewellery
 j - a ring of willpower (left claw)
 o - an amulet of regeneration (around neck)
Wands
 w - a wand of iceblast (10)
Scrolls
 a - 2 scrolls of identify {unknown}
 g - a scroll of amnesia {unknown}
 p - a scroll of magic mapping {unknown}
 q - a scroll of fog {unknown}
 s - a scroll of torment {unknown}
Potions
 f - 4 potions of curing {unknown}
 k - 2 potions of degeneration {unknown}
 l - 3 potions of invisibility {unknown}
 n - 2 potions of haste {unknown}
 r - a potion of ambrosia {unknown}
 t - a potion of cancellation {unknown}
 u - a potion of brilliance {unknown}
 v - 2 potions of magic {unknown}


   Skills:
 + Level 3.6 Fighting
 - Level 1.5 Short Blades
 - Level 1.7 Throwing
 - Level 1.0 Dodging
 - Level 2.1 Stealth
 * Level 5.7 Unarmed Combat
 + Level 1.4 Invocations


You had 6 spell levels left.
You didn't know any spells.
Your spell library contained the following spells:

 Spells                   Type           Power      Damage    Failure   Level
 Olgreb's Toxic Radiance  Pois           0%         N/A       99%         4
 Ozocubu's Refrigeration  Ice            0%         4d5       100%        7
 Ignition                 Fire           0%         3d3       100%        8


Dungeon Overview and Level Annotations

Branches:
Dungeon (5/15)
 Temple: D:4-7

Altars:
Okawaru


Innate Abilities, Weirdness & Mutations

You are too large for most types of armour.
You have claws for hands.
Your natural rate of healing is unusually fast.
You are covered in fur. (AC +1)
You have tough skin. (AC +1)


Message History

You claw the wight!
The wight is heavily damaged.
The wight hits you with a +0 falchion.
You feel drained.
You scratch the wight.
The wight is severely damaged.
The wight barely misses you.
You scratch the wight but do no damage.
The wight is severely damaged.
You scratch the wight but do no damage.
The wight is severely damaged.
The wight hits you with a +0 falchion.
You feel drained.
The wight hits you with a +0 great sword!!
You closely miss the wight.
The wight is severely damaged.
The wight hits you with a +0 falchion.
You feel drained.
The wight hits you with a +0 great sword.
You feel drained.
You are too injured to fight recklessly!
You are too injured to fight recklessly!
You are too injured to fight recklessly!
You are too injured to fight recklessly!
You claw the wight!
You destroy the wight!
Okawaru accepts your kill.
You have reached level 7!
You closely miss the wight.
The wight hits you with a +0 great sword!
Unknown command.
You claw the wight!
The wight is severely damaged.
Unknown command.
You completely miss the wight.
The wight is severely damaged.
The wight hits you with a +0 great sword!
* * * LOW HITPOINT WARNING * * *
Unknown command.
You closely miss the wight.
The wight is severely damaged.
The wight hits you with a +0 great sword!!
You die...

#.# #.# #.#
#.# #.# #.#
#.# #.# #@#
#########z#
#.........#
#.#.#######
# #.#
#.....#
..#z#..#
#...... #
.... ..z


You could see a wight.

Vanquished Creatures
  Menkaure (D:4)
  A water moccasin skeleton (D:4)
  A wight (D:5)
  A hound (D:5)
  A centaur skeleton (D:4)
  2 iguanas (D:4)
  2 hound skeletons
  7 adders
  A gnoll (D:4)
  An adder zombie (D:5)
  2 adder skeletons (D:4)
  A worm (D:3)
  3 dart slugs
  5 orcs
  14 ball pythons
  5 endoplasms
  4 giant cockroaches
  9 goblins
  5 hobgoblins
  3 jackals (D:4)
  9 kobolds
  4 quokkas
  8 bats
  A frilled lizard (D:1)
  6 rats
97 creatures vanquished.

Notes
Turn   | Place    | Note
-------+----------+-------------------------------------------
     0 | D:1      | demenzo the Troll Brigand began the quest for the Orb.
     0 | D:1      | Reached XP level 1. HP: 19/19 MP: 0/0
   147 | D:1      | Reached skill level 1 in Dodging
   152 | D:1      | Reached skill level 1 in Unarmed Combat
   185 | D:1      | Reached XP level 2. HP: 23/28 MP: 1/1
   949 | D:2      | Reached skill level 2 in Unarmed Combat
   978 | D:2      | Reached XP level 3. HP: 32/35 MP: 2/2
  1347 | D:2      | Reached skill level 3 in Unarmed Combat
  1347 | D:2      | Reached XP level 4. HP: 44/44 MP: 3/3
  2194 | D:4      | Noticed Menkaure
  2204 | D:4      | Killed Menkaure
  2205 | D:4      | Reached skill level 4 in Unarmed Combat
  2205 | D:4      | Reached XP level 5. HP: 16/53 MP: 4/4
  2307 | D:4      | Reached XP level 6. HP: 61/61 MP: 5/5
  2317 | D:4      | Found an iron altar of Okawaru.
  2342 | D:4      | Became a worshipper of Warmaster Okawaru
  2388 | D:4      | Reached skill level 5 in Unarmed Combat
  2399 | D:4      | Reached skill level 1 in Invocations
  2674 | D:5      | Entered Level 5 of the Dungeon
  2939 | D:5      | Reached XP level 7. HP: 34/63 MP: 5/7
  2942 | D:5      | Slain by a wight

Illustrated notes

Levels and vault maps discovered:
D:1:      ncdulo_smallfort, layout_basic, nicolae_concentric_dashed_squares_wild
D:2:      minmay_skewed_foursquare, layout_basic, minmay_between
D:3:      layout_loops_ring, corexii_hall_statues_s, minmay_misc_feat_cross,
          minmay_pentangle
D:4:      kennysheep_big_flooded_room, layout_cave_pools,
          okawaru_metal_pillars_1_2, uniq_menkaure
D:5:      layout_basic, nicolae_overflow_crystal_walls,
          lemuel_coloured_pillars_altar, kennysheep_generic_room_3,
          uniq_eustachio

Skill      XL: |  1  2  3  4  5  6 |
---------------+-------------------+-----
Dodging        | 1 |  1.0
Unarmed Combat | 1 2 3 4 5 |  5.7
Fighting       | 2 3 |  3.6
Invocations    | 1 |  1.4
Short Blades   | |  1.5
Throwing       | |  1.7
Stealth        | |  2.1

Action                   |  1- 3 |  4- 6 |  7- 9 || total
-------------------------+-------+-------+-------++-------
Melee: Unarmed           |   104 |   160 |     4 ||   268
       Punch             |     1 |     6 |       ||     7
 Stab: Sleeping          |    11 |     5 |       ||    16
Armor: Robe              |    54 |    47 |       ||   101
Dodge: Dodged            |    50 |    69 |       ||   119
